 Dungeon Crawl Stone Soup version 0.22-a0-252-gcace5d2 (webtiles) character file.

5315 Amnesiac the Slinger (level 10, 0/73 HPs)
             Began as a Spriggan Fighter on Mar 1, 2018.
             Was a High Priest of Okawaru.
             Succumbed to kuniqs's ghost's poison
             ... on level 9 of the Dungeon.
             The game lasted 00:16:08 (11530 turns).

Amnesiac the Slinger (Spriggan Fighter)            Turns: 11530, Time: 00:16:09

Health: 0/73       AC: 28    Str: 15    XL:     10   Next: 37%
Magic:  6/11       EV:  4    Int: 13    God:    Okawaru [*****.]
Gold:   476        SH:  9    Dex: 22    Spells: 7/9 levels left

rFire    . . .     SeeInvis +   y - +5 spear of Melee {speed, +Rage}
rCold    + . .     Gourm    .   M - +0 buckler {AC+3}
rNeg     + + +     Faith    .   (armour currently unavailable)
rPois    +         Spirit   .   (helmet currently unavailable)
rElec    .         Reflect  .   (cloak currently unavailable)
rCorr    +         Harm     .   (gloves unavailable)
MR       +....     NoTele   +   (boots unavailable)
Stlth    +++.......             I - amulet of rage
HPRegen  0.22/turn              r - ring of protection from cold
MPRegen  0.12/turn              K - ring of resist corrosion

@: agile, lethally poisoned (0 -> -10), tree-form, berserk cooldown, slowed,
very slow
A: very small, unfitting armour, see invisible, clever 2, deterioration 1,
herbivore, slow metabolism 2
a: Heroism, Finesse, Renounce Religion, Evoke Berserk Rage


You were on level 9 of the Dungeon.
You worshipped Okawaru.
Okawaru was extremely pleased with you.
You were very hungry.
You were a tree.
You visited 1 branch of the dungeon, and saw 10 of its levels.

You collected 476 gold pieces.

Inventory:

Hand Weapons
 a - a +2 dagger of venom
 b - a +0 hunting sling
 x - a +0 blowgun
 y - the +5 spear of Melee (weapon) {speed, +Rage}
   (You found it on level 8 of the Dungeon)

   Attacks with this weapon are significantly faster.
   It lets you go berserk.
Missiles
 h - 45 stones (quivered)
 i - 17 poisoned needles
 v - a throwing net
 G - 20 sling bullets
Armour
 u - a +0 cloak (melded)
 L - a +2 robe of fire resistance (melded)
 M - a +0 buckler of protection (worn)
Jewellery
 r - a ring of protection from cold (left branch)
 I - an amulet of rage (around neck)
 K - a ring of resist corrosion (right branch)
Wands
 z - a wand of random effects (25)
 D - a wand of scattershot (8)
Scrolls
 c - a scroll of fog {!r, unknown}
 e - 7 scrolls of teleportation {!r}
 k - 11 scrolls of identify {!r}
 m - 4 scrolls of remove curse {!r}
 o - 2 scrolls of enchant weapon {!r}
 s - 2 scrolls of blinking {!r, unknown}
 t - a scroll of amnesia {!r, unknown}
 w - a scroll of fear {!r, unknown}
 A - 3 scrolls of noise {!r, unknown}
 E - 2 scrolls of enchant armour {!r, unknown}
 F - a scroll of immolation {!r, unknown}
 H - a scroll of holy word {!r, unknown}
 J - a scroll of magic mapping {!r, unknown}
Potions
 d - 2 potions of might {!q}
 l - 2 potions of brilliance {!q}
 p - 3 potions of flight {!q}
 C - 2 potions of haste {!q}
Miscellaneous
 q - a phantom mirror
Comestibles
 f - 15 rations


   Skills:
 - Level 3.0 Fighting
   Level 4.0 Long Blades
 * Level 13.5 Slings
 - Level 6.0 Dodging
 + Level 6.6 Shields


You had 7 spell levels left.
You knew the following spells:

 Your Spells              Type           Power        Failure   Level  Hunger
v - Blink                 Tloc           N/A          43%         2    ###....


Dungeon Overview and Level Annotations

Branches:
Dungeon (10/15)            Temple (0/1) D:5            Lair (0/6) D:9
    Orc: D:9-12

Altars:
Cheibriados
Dithmenos
Elyvilon
Fedhas
Okawaru
Qazlal
Ru
Sif Muna
Trog
Uskayaw
Wu Jian
Yredelemnul
Zin
The Shining One

Shops:
D:4 }

Annotations:
D:10 kuniqs's ghost, journeyman DDFi


Innate Abilities, Weirdness & Mutations

You are very small and have problems with some larger weapons.
You are too small for most types of armour.
You have supernaturally acute eyesight. (SInv)
You are a herbivore.
((You cover ground extremely quickly.))
You need consume almost no food.
Your mind is very acute. (Int +4)
Your body sometimes deteriorates upon taking damage.


Message History

You hit kuniqs's ghost but do no damage.
Kuniqs's ghost is almost destroyed.
* * * LOW HITPOINT WARNING * * *
You feel sick. You block kuniqs's ghost's attack.
You closely miss kuniqs's ghost.
Kuniqs's ghost is almost destroyed.
* * * LOW HITPOINT WARNING * * *
You feel very sick. Kuniqs's ghost hits you.
* * * LOW HITPOINT WARNING * * *
You are more poisoned.
You hit kuniqs's ghost but do no damage.
Kuniqs's ghost is almost destroyed.
* * * LOW HITPOINT WARNING * * *
You feel sick. Kuniqs's ghost closely misses you.
Really quaff
p - 3 potions of flight {!q}?
Okay, then.
Really quaff
j - a potion of heal wounds {!q}?
You feel much better.
You feel very sick. Kuniqs's ghost hits you.
* * * LOW HITPOINT WARNING * * *
You are more poisoned.
You block kuniqs's ghost's attack.
* * * LOW HITPOINT WARNING * * *
You feel very sick.
Kuniqs's ghost wails.
Kuniqs's ghost misses you.
You climb upwards.
The ghost fades into the shadows.
Kuniqs's ghost disappears!
* * * LOW HITPOINT WARNING * * *
You feel very sick.
There is a stone staircase leading down here.
Really quaff
g - a glowing dark potion {!q}?
It was a potion of agility {!q}.
You feel agile all of a sudden.
* * * LOW HITPOINT WARNING * * *
You feel very sick.
Really quaff
n - a fuming emerald potion {!q}?
It was a potion of lignification {!q}.
You turn into a tree.
You feel less resistant to fire.
Your roots penetrate the ground.
* * * LOW HITPOINT WARNING * * *
You feel very sick.
Okay, then.
Really quaff
B - 2 potions of mutation {!q}?
You feel extremely strange.
You feel resistant to poisons.
You feel less energetic.
You feel more energetic.
* * * LOW HITPOINT WARNING * * *
You feel very sick.
Really quaff
B - a potion of mutation {!q}?
You feel extremely strange.
You feel less resistant to poisons.
You feel yourself wasting away.
You feel clever. x2
* * * LOW HITPOINT WARNING * * *
You feel sick.
Really read
o - 3 scrolls labeled GEPHIA FAUTZ {!r}?
As you read the scroll labeled GEPHIA FAUTZ {!r}, it crumbles to dust.
It is a scroll of enchant weapon.
Your +1 dagger of venom glows red for a moment.
* * * LOW HITPOINT WARNING * * *
You feel sick.
* * * LOW HITPOINT WARNING * * *
You feel very sick.
You die...

#........##########..............
..................#..............
_.#.....#......##.##'############
..##.............................
.###..####'#######....#######+###
.#...............#...............
.................#...............
.....#...........#.....##########
.#####..........♣#..##.#........#
.....+...........#..##.#........'
..#..#...........#.....##########
.....#...........#...#'#...######
.....#...........#.#.#..........#
.....########'####...####'#######
.<...............................
....##..###..#..#.....########...
.................................


There were no monsters in sight!

Vanquished Creatures
  Pikel (D:5)
  Psyche (D:8)
  A hippogriff (D:7)
  5 yaks (D:9)
  A water moccasin (D:7)
  Duvessa (D:4)
  2 ice beasts
  An orc warrior (D:8)
  4 sky beasts
  4 slaves (D:5)
  A phantom (D:3)
  A black bear (D:9)
  5 ogres
  2 necrophages
  3 centaurs
  Blork the orc (D:5)
  7 bullfrogs
  Dowan (D:4)
  6 howler monkeys
  A crimson imp (D:5)
  An orc priest (D:8)
  4 hounds
  A gnoll shaman (D:6)
  Crazy Yiuf (D:2)
  2 jellies
  4 orc wizards
  3 iguanas
  6 worker ants
  A hound zombie (D:4)
  3 hound skeletons
  9 gnolls
  10 adders
  3 shadow imps
  An ooze (D:1)
  2 worms
  3 dart slugs
  4 leopard geckos
  17 orcs
  6 giant cockroaches
  6 goblins
  8 hobgoblins
  19 jackals
  8 kobolds
  6 quokkas
  A ball python (D:2)
  6 bats
  3 frilled lizards
  A leopard gecko skeleton (D:5)
  A leopard gecko zombie (D:5)
  13 rats
202 creatures vanquished.

Notes
Turn   | Place    | Note
-------+----------+-------------------------------------------
     0 | D:1      | Amnesiac the Spriggan Fighter began the quest for the Orb.
     0 | D:1      | Reached XP level 1. HP: 11/11 MP: 2/2
   103 | D:1      | Reached XP level 2. HP: 5/16 MP: 3/3
   780 | D:1      | Reached XP level 3. HP: 19/19 MP: 4/4
   916 | D:2      | Learned a level 2 spell: Blink
  1045 | D:2      | Found a sacrificial altar of Ru.
  1047 | D:2      | Found an ornate altar of the Wu Jian Council.
  1051 | D:2      | Found a hide-covered altar of Uskayaw.
  1051 | D:2      | Found a deep blue altar of Sif Muna.
  1054 | D:2      | Found a stormy altar of Qazlal.
  1056 | D:2      | Found an iron altar of Okawaru.
  1062 | D:2      | Became a worshipper of Warmaster Okawaru
  1182 | D:2      | Reached XP level 4. HP: 21/23 MP: 5/5
  1200 | D:2      | Found a runed door.
  1413 | D:2      | Found a glowing silver altar of Zin.
  1631 | D:2      | Noticed Crazy Yiuf
  1656 | D:2      | Killed Crazy Yiuf
  1842 | D:3      | Reached skill level 5 in Dodging
  1842 | D:3      | Reached XP level 5. HP: 19/27 MP: 6/6
  1871 | D:3      | Reached * piety under Okawaru
  2123 | D:3      | Found a shadowy altar of Dithmenos.
  2406 | D:4      | Reached skill level 1 in Slings
  2618 | D:4      | Noticed a phantom
  2708 | D:3      | Killed a phantom
  2708 | D:3      | Reached skill level 2 in Slings
  2708 | D:3      | Reached XP level 6. HP: 12/32 MP: 7/7
  2904 | D:4      | Reached skill level 3 in Slings
  2950 | D:4      | Noticed Duvessa
  2977 | D:4      | Noticed Dowan
  3421 | D:4      | Reached skill level 4 in Slings
  3421 | D:4      | Reached XP level 7. HP: 4/36 MP: 8/8
  3733 | D:4      | Found Jureqeh's Gadget Shop.
  4052 | D:4      | Killed Dowan
  4148 | D:4      | Reached skill level 5 in Slings
  4160 | D:4      | Killed Duvessa
  4164 | D:4      | Reached ** piety under Okawaru
  4264 | D:4      | Found a basalt altar of Yredelemnul.
  4354 | D:5      | Entered Level 5 of the Dungeon
  4354 | D:5      | Found a blossoming altar of Fedhas.
  4354 | D:5      | Found a staircase to the Ecumenical Temple.
  4408 | D:5      | Reached skill level 6 in Slings
  4432 | D:5      | Noticed Blork the orc
  4451 | D:5      | Killed Blork the orc
  4901 | D:5      | Found a snail-covered altar of Cheibriados.
  4942 | D:5      | Reached skill level 7 in Slings
  5139 | D:5      | Reached XP level 8. HP: 40/40 MP: 9/9
  5297 | D:5      | Noticed Pikel
  5661 | D:5      | Killed Pikel
  5661 | D:5      | Reached *** piety under Okawaru
  5661 | D:5      | Reached skill level 9 in Slings
  6381 | D:6      | Found a glowing golden altar of the Shining One.
  6678 | D:6      | Reached skill level 10 in Slings
  6697 | D:6      | Reached XP level 9. HP: 29/44 MP: 10/10
  6923 | D:7      | Reached **** piety under Okawaru
  6923 | D:7      | Reached skill level 5 in Shields
  7489 | D:7      | Reached skill level 11 in Slings
  7632 | D:7      | Found a white marble altar of Elyvilon.
  8404 | D:8      | Received a gift from Okawaru
  8753 | D:8      | Noticed Psyche
  8764 | D:8      | Killed Psyche
  8764 | D:8      | Reached skill level 12 in Slings
  8900 | D:8      | Reached ***** piety under Okawaru
  9075 | D:8      | Reached XP level 10. HP: 48/49 MP: 11/11
  9261 | D:8      | Got a bloodstained spear
  9282 | D:8      | Identified the +5 spear of Melee {speed, +Rage} (You found it on level 8 of the Dungeon)
  9430 | D:9      | Found a staircase to the Lair.
  9490 | D:9      | Found a bloodstained altar of Trog.
  9654 | D:9      | Reached skill level 13 in Slings
 10800 | D:10     | Entered Level 10 of the Dungeon
 10856 | D:10     | Received a gift from Okawaru
 10899 | D:10     | Noticed kuniqs's ghost (journeyman DDFi)
 11526 | D:9      | Gained mutation: Your system is resistant to poisons. (rPois) [potion of mutation]
 11526 | D:9      | Gained mutation: Your magical capacity is low. (-10% MP) [potion of mutation]
 11526 | D:9      | Lost mutation: Your magical capacity is low. (-10% MP) [potion of mutation]
 11527 | D:9      | Lost mutation: Your system is resistant to poisons. (rPois) [potion of mutation]
 11527 | D:9      | Gained mutation: Your body sometimes deteriorates upon taking damage. [potion of mutation]
 11527 | D:9      | Gained mutation: Your mind is acute. (Int +2) [potion of mutation]
 11527 | D:9      | Gained mutation: Your mind is very acute. (Int +4) [potion of mutation]
 11528 | D:9      | HP: 3/73 [poisoned by kuniqs's ghost]
 11529 | D:9      | HP: 1/73 [poisoned by kuniqs's ghost]
 11530 | D:9      | Succumbed to kuniqs's ghost's poison

Vault maps used:
D:1:      scummos_arrival_simple_crosswalls, hangedman_decor_push
D:2:      minitemple, nicolae_overflow_crystal_walls, uniq_crazy_yiuf_cottage
D:3:      lemuel_doored_altar, first_ration, grunt_decor_mini_mirrors,
          minmay_misc_feat_nine_boxes, kennysheep_generic_room_14
D:4:      kennysheep_mini, serial_shops, shop, uniq_duvessa
D:5:      kennysheep_slug_shrine, temple_pool_b, fedhas_bush_and_centaur_altar,
          uniq_blork_the_orc, uniq_pikel
D:6:      tso_altar
D:7:      elyvilon_altar_3
D:8:      kennysheep_generic_room_2, uniq_psyche
D:9:      lair_entry_dummy, trog_three_pillars_becter
D:10:     hangedman_pestilent_swarm, uniq_harold

Skill      XL: |  1  2  3  4  5  6  7  8  9 10 |
---------------+-------------------------------+-----
Long Blades    | 2 3 4 |  4.0
Dodging        | 5 6 |  6.0
Fighting       | 3 |  3.0
Slings         | 2 4 7 10 12 13 | 13.5
Shields        | 3 4 6 |  6.6

Action                   |  1- 3 |  4- 6 |  7- 9 | 10-12 || total
-------------------------+-------+-------+-------+-------++-------
Melee: Long sword        |   104 |    22 |       |       ||   126
       Dagger            |       |   137 |    44 |       ||   181
       Spear             |       |       |       |    85 ||    85
 Fire: Hunting sling     |       |    82 |   755 |   252 ||  1089
Invok: Heroism           |       |       |       |     2 ||     2
       Finesse           |       |       |       |     1 ||     1
 Abil: Evoke Berserk Rag |       |       |       |     2 ||     2
Evoke: Wand              |       |       |     5 |       ||     5
  Use: Potion            |       |       |       |     8 ||     8
       Scroll            |       |       |       |     5 ||     5
 Stab: Sleeping          |     3 |     1 |       |       ||     4
  Eat: Ration            |       |       |     4 |       ||     4
Armor: Robe              |     9 |    11 |    21 |     9 ||    50
Dodge: Dodged            |   117 |   121 |   190 |    48 ||   476
Block: Buckler           |    31 |    37 |    71 |    31 ||   170
       Rpst.: Long sword |    46 |    10 |       |       ||    56

Table legend:
 A = Spawn XP
 B = Non-spawn XP
 C = Spawn XP percentage of total XP
 D = Spawn monster count
 E = Non-spawn monster count
 F = Spawn count percentage of total count
 G = Total turns spent on level
                    A         B        C        D         E        F      G
               +---------+---------+-------+---------+---------+-------+---------
         Total |       0 |    7593 |   0.0 |       0 |     198 |   0.0 | 11530
               +---------+---------+-------+---------+---------+-------+---------
           D:1 |       0 |      42 |   0.0 |       0 |      22 |   0.0 |   870
           D:2 |       0 |     111 |   0.0 |       0 |      35 |   0.0 |   838
           D:3 |       0 |     291 |   0.0 |       0 |      29 |   0.0 |  1193
           D:4 |       0 |     615 |   0.0 |       0 |      18 |   0.0 |  1453
           D:5 |       0 |    1287 |   0.0 |       0 |      16 |   0.0 |  1689
           D:6 |       0 |     629 |   0.0 |       0 |      14 |   0.0 |   872
           D:7 |       0 |    1164 |   0.0 |       0 |      19 |   0.0 |  1380
           D:8 |       0 |    1775 |   0.0 |       0 |      29 |   0.0 |  1042
           D:9 |       0 |    1367 |   0.0 |       0 |      12 |   0.0 |  1901
          D:10 |       0 |     312 |   0.0 |       0 |       4 |   0.0 |   292
               +---------+---------+-------+---------+---------+-------+---------
